Map: Port Aleksander LE

Players

Namshar - Winner!

  • Race: Zerg Zerg
  • Spawn Location: 5:00

Kas

  • Race: Terran Terran
  • Spawn Location: 11:00

Event: 2019 WCS Spring

VOD

Have the link to the VOD?

Description

Time

  • Played on: May 18, 2019, 7 a.m.
  • Length: 11:22

All games in this series

Show
View Real Time Build Order
Export as new Build Order

Namshar Zerg - Winner!

Build Orders: Hatch First, Roach Hydra 

Get SALT Encoding   

  12  0:00  Drone  
  13  0:12  Overlord  
  13  0:17  Drone  
  14  0:31  Drone x2  
  16  0:49  Hatchery  
  15  0:52  Drone  
  15  0:56  Drone  
  17  0:59  Drone  
  18  1:09  Extractor  
  17  1:16  Spawning Pool  
  16  1:19  Drone  
  16  1:22  Drone  
  18  1:29  Drone  
  19  1:39  Drone  
  20  1:49  Drone  
  21  2:02  Queen x2  
  21  2:04  Zergling x4  
  27  2:21  Drone  
  27  2:22  Overlord  
  28  2:27  Hatchery  
  28  2:29  Drone  
  28  2:42  Metabolic Boost  
  28  2:43  Queen  
  30  2:46  Drone  
  30  2:49  Overlord  
  31  2:52  Drone  
  31  2:55  Drone  
  31  2:58  Drone  
  34  3:03  Drone  
  35  3:14  Drone x6  
  41  3:21  Queen  
  41  3:25  Overlord  
  43  3:28  Drone  
  43  3:33  Overlord  
  44  3:40  Drone x3  
  47  3:47  Queen  
  47  3:48  Drone x3  
  50  3:50  Zergling x4  
  50  3:55  Queen  
  54  4:00  Zergling x2  
  54  4:01  Drone x3  
  60  4:05  Overlord  
  60  4:08  Drone  
  60  4:09  Drone  
  62  4:16  Overlord  
  62  4:18  Roach Warren  
  60  4:29  Zergling x6  
  60  4:30  Overlord x2  
  63  4:32  Drone x2  
  63  4:33  Lair  
  63  4:36  Drone x3  
  63  4:37  Drone  
  69  4:38  Extractor  
  69  4:39  Drone  
  69  4:41  Extractor  
  69  4:44  Spore Crawler  
  69  4:45  Spore Crawler  
  66  4:46  Spore Crawler  
  66  4:47  Drone  
  68  4:54  Extractor, Drone  
  68  4:55  Drone x3  
  71  5:05  Evolution Chamber, Drone x4  
  74  5:08  Drone  
  74  5:09  Drone x4  
  74  5:14  Queen  
  79  5:15  Extractor  
  79  5:16  Extractor  
  79  5:20  Overlord  
  79  5:24  Zergling x2  
  79  5:25  Roach  
  79  5:26  Roach x2  
  79  5:28  Roach  
  88  5:33  Zerg Ground Armor Level 1  
  88  5:34  Evolution Chamber, Drone x2  
  88  5:46  Roach  
  88  5:47  Roach x2  
  92  5:51  Infestation Pit  
  92  5:52  Hydralisk Den  
  92  5:53  Drone x3  
  92  5:54  Drone x2  
  92  5:56  Drone  
  96  5:57  Glial Reconstitution  
  96  6:03  Hatchery  
  95  6:05  Zerg Missile Weapons Level 1  
  95  6:07  Drone x2  
  95  6:08  Drone  
  98  6:14  Overlord x3  
  98  6:23  Muscular Augments  
  98  6:34  Roach x4  
  98  6:37  Hive  
  106  6:44  Ravager x2, Overlord x2  
  106  6:45  Overlord  
  106  6:46  Drone x7  
  115  6:52  Roach x2  
  119  6:56  Roach  
  120  7:02  Overlord x2  
  120  7:07  Roach x5  
  127  7:09  Roach x3  
  133  7:18  Roach x2  
  133  7:19  Roach  
  133  7:21  Extractor  
  138  7:24  Extractor  
  137  7:35  Grooved Spines  
  133  7:45  Roach x10  
  133  7:50  Drone  
  133  7:51  Drone x7  
  150  7:55  Zerg Ground Armor Level 2  
  150  7:57  Overlord x3  
  147  8:05  Roach x2  
  149  8:20  Viper x3  
  149  8:21  Viper  
  149  8:26  Roach x8  
  173  8:40  Overlord x2, Drone  
  174  8:42  Drone  
  174  8:43  Zerg Missile Weapons Level 2  
  174  8:44  Spire  
  174  8:45  Hatchery  
  174  8:47  Hydralisk x2, Ravager  
  178  8:49  Zergling x2  
  178  8:51  Overlord x3  
  177  9:16  Hydralisk x11  
  199  9:23  Queen  
  199  9:30  Hydralisk x4  
  200  9:36  Hydralisk x2  
  200  9:43  Hydralisk  
  200  9:44  Hydralisk x6  
  183  9:57  Hydralisk x6  
  171  10:02  Roach x4  
  179  10:10  Greater Spire  
  175  10:14  Roach x4  
  175  10:20  Roach x5, Extractor  
  192  10:21  Extractor  
  192  10:22  Roach x2  
  187  10:30  Viper  
  184  10:39  Roach x7  
  194  10:46  Roach  
  194  10:47  Roach x2  
  194  11:15  Hatchery  
Show
View Real Time Build Order
Export as new Build Order

Kas Terran 

Build Orders: Hellion Opening 

Get SALT Encoding   

  12  0:00  SCV  
  13  0:12  SCV  
  14  0:18  Supply Depot  
  14  0:26  SCV  
  15  0:29  Refinery  
  15  0:39  SCV  
  16  0:45  Barracks  
  16  0:51  SCV  
  17  1:03  SCV  
  18  1:16  SCV  
  19  1:32  Reaper, Orbital Command  
  20  1:45  Command Center  
  20  1:56  Factory  
  20  2:00  SCV  
  21  2:07  Barracks Reactor  
  21  2:12  SCV  
  22  2:22  Refinery  
  22  2:23  Supply Depot  
  22  2:24  SCV  
  23  2:45  SCV, Starport  
  23  2:50  Hellion x2  
  28  2:57  SCV  
  28  2:58  Orbital Command  
  29  3:07  Barracks Tech Lab  
  29  3:09  SCV  
  30  3:15  Hellion x2  
  34  3:24  SCV  
  35  3:28  SCV  
  35  3:30  Viking  
  38  3:36  Supply Depot  
  38  3:37  SCV  
  38  3:40  SCV  
  40  3:47  Hellion x2  
  44  3:49  SCV  
  44  3:52  SCV  
  46  3:59  Supply Depot  
  46  4:01  SCV  
  46  4:02  Raven  
  49  4:04  SCV  
  50  4:13  SCV  
  51  4:18  Command Center  
  48  4:27  SCV x2, Hellion  
  48  4:28  Hellion  
  48  4:31  Supply Depot  
  52  4:39  SCV x2  
  52  4:40  Refinery  
  52  4:42  Refinery  
  52  4:45  Factory  
  54  4:51  SCV, Factory  
  55  4:53  SCV  
  55  4:55  Supply Depot  
  55  4:59  Barracks Tech Lab  
  56  5:03  SCV  
  56  5:05  SCV  
  58  5:09  Hellion x2  
  62  5:15  SCV  
  62  5:17  SCV  
  64  5:24  Armory  
  64  5:27  SCV  
  65  5:29  SCV  
  65  5:30  Orbital Command  
  65  5:31  Hellion x2  
  70  5:37  Hellion  
  70  5:38  Hellion  
  70  5:39  SCV  
  75  5:47  SCV  
  76  5:51  SCV  
  76  5:52  Infernal Pre-Igniter  
  76  5:53  Orbital Command  
  77  5:59  SCV  
  77  6:02  Factory  
  77  6:03  SCV, Factory  
  79  6:04  Barracks Reactor  
  79  6:06  Cyclone  
  79  6:10  Cyclone  
  85  6:12  Hellion x2  
  85  6:16  SCV  
  85  6:17  SCV  
  85  6:18  Terran Vehicle And Ship Armor Level 1  
  89  6:22  Supply Depot  
  89  6:25  SCV  
  90  6:28  SCV  
  90  6:29  SCV, Mag-Field Accelerator  
  92  6:37  SCV  
  93  6:44  SCV, Cyclone x2  
  93  6:46  SCV  
  101  6:47  Supply Depot  
  101  6:51  Factory Tech Lab  
  101  6:52  Supply Depot  
  101  6:53  SCV  
  102  6:56  Hellion x2  
  106  7:09  Cyclone, Command Center  
  106  7:13  Hellion  
  106  7:14  Hellion  
  113  7:16  Hellion, Cyclone  
  113  7:19  SCV x2  
  113  7:21  SCV  
  113  7:22  Refinery  
  121  7:23  Refinery  
  121  7:24  Hellion  
  121  7:28  Supply Depot  
  121  7:29  Supply Depot  
  123  7:30  Supply Depot  
  120  7:44  SCV  
  114  7:45  SCV x2  
  114  7:47  Hellion x2  
  110  7:57  SCV, Cyclone x3  
  118  8:00  SCV  
  118  8:01  Supply Depot  
  118  8:02  Hellion x4  
  118  8:04  SCV  
  128  8:09  SCV  
  129  8:17  Factory  
  129  8:18  Factory  
  129  8:20  Factory  
  129  8:25  SCV x2  
  131  8:30  SCV  
  132  8:35  Hellion x4, Cyclone x2  
  132  8:40  SCV x2  
  148  8:42  SCV, Terran Vehicle And Ship Armor Level 2  
  149  8:52  SCV  
  149  8:53  SCV x2, Engineering Bay  
  152  8:55  Starport Reactor  
  152  8:59  Fusion Core, Starport  
  152  9:01  Factory Tech Lab  
  152  9:02  Factory Tech Lab  
  152  9:03  Factory Reactor  
  150  9:13  Cyclone x2  
  150  9:15  Hellion x2  
  150  9:16  Hellion  
  160  9:18  Hellion  
  160  9:19  Cyclone  
  163  9:30  Planetary Fortress  
  127  9:49  Cyclone x4  
  127  9:50  Hellion x2  
  127  9:51  Cyclone  
  127  9:57  Hellion  
  121  10:05  SCV  
  122  10:17  SCV  
  122  10:21  Cyclone x2  
  128  10:22  Starport Tech Lab  
  112  10:32  Hellion x2  
  102  10:35  Cyclone  
  101  10:43  Hellion  
  101  10:44  SCV  
  101  10:46  SCV  
  101  10:47  SCV  
  100  10:58  SCV x2  
  100  11:02  SCV x2  
Tags
 
Add a new tag
Caveats
  • Supply blocks, unpowered buildings, or Contaminate may cause inaccurate times.
  • Supply counts are checked every 10 seconds.